Map: Orbital Shipyard

Players

Taquacman

  • Race: Terran Terran
  • League: Master

Miszu - Winner!

  • Race: Terran Terran
  • League: Grandmaster

VOD

Have the link to the VOD?

Description

Time

  • Played on: Feb. 22, 2016, 8:09 a.m.
  • Length: 9:22
Show
View Real Time Build Order
Export as new Build Order

Taquacman Terran 

Build Orders:  

Get SALT Encoding   

  12  0:01  SCV  
  13  0:13  SCV  
  14  0:18  Supply Depot  
  15  0:40  Barracks  
  15  0:46  Refinery  
  14  0:53  Barracks  
  14  0:57  SCV  
  15  1:09  SCV  
  16  1:27  Orbital Command  
  16  1:29  Reaper  
  17  1:41  Supply Depot  
  17  1:46  Reaper  
  18  1:57  SCV  
  19  2:06  Reaper  
  19  2:24  Reaper  
  20  2:43  Reaper  
  19  3:01  Reaper  
  19  3:02  SCV  
  21  3:08  Refinery  
  21  3:09  Barracks  
  21  3:12  Command Center  
  21  3:14  Marine, SCV  
  23  3:26  SCV  
  24  3:32  Bunker  
  24  3:38  SCV  
  24  3:39  Factory  
  24  3:51  SCV  
  24  3:56  Marine  
  25  4:03  SCV  
  26  4:15  Marine, SCV  
  25  4:24  Factory Tech Lab  
  25  4:25  Orbital Command  
  25  4:27  Starport, SCV  
  26  4:33  Marine  
  27  4:39  SCV  
  27  4:43  Cyclone  
  31  4:51  Marine, SCV  
  33  4:54  SCV  
  33  4:58  Engineering Bay  
  34  5:03  Supply Depot  
  34  5:04  Medivac  
  34  5:06  Marine  
  37  5:07  SCV x2  
  37  5:09  Marine  
  37  5:13  Barracks Tech Lab  
  40  5:18  Siege Tank  
  40  5:19  SCV x2  
  45  5:23  Marine  
  45  5:28  Marine  
  46  5:30  Supply Depot  
  46  5:31  SCV  
  46  5:32  SCV  
  46  5:33  Missile Turret  
  49  5:41  Marine x2  
  51  5:44  SCV, Missile Turret  
  51  5:46  Marine  
  51  5:47  Stimpack  
  51  5:49  SCV  
  54  5:53  Starport Reactor  
  54  5:56  SCV  
  55  5:59  Marine x2  
  55  6:01  SCV  
  58  6:04  Siege Tank  
  58  6:07  Marine  
  62  6:12  SCV  
  62  6:15  SCV  
  62  6:16  Marine  
  58  6:25  SCV  
  57  6:31  Marine x2  
  57  6:32  SCV  
  60  6:34  Marine  
  60  6:37  SCV  
  62  6:56  Barracks Reactor x2  
  62  6:59  Supply Depot  
  62  7:00  Supply Depot  
  62  7:08  Supply Depot x2  
  62  7:23  SCV  
  62  7:29  Marine  
  62  7:30  Viking, Siege Tank  
  62  7:34  Supply Depot  
  62  7:35  Marine x2  
  70  7:46  SCV x2  
  70  7:47  Marine  
  70  7:48  Command Center  
  70  7:49  Refinery  
  70  7:51  Refinery, Marine  
  73  7:56  Marine x2  
  73  7:57  Medivac  
  79  7:58  SCV x2  
  79  8:04  Marine  
  81  8:06  Marauder  
  81  8:10  SCV x2  
  81  8:12  Marine  
  70  8:26  Marine  
  70  8:27  Marine x3  
  62  8:30  Marine  
  63  8:44  Marine  
  60  8:51  Marine x2  
  60  8:52  Marine  
  60  8:53  Marine  
  64  9:02  Marine  
  63  9:07  SCV  
Show
View Real Time Build Order
Export as new Build Order

Miszu Terran - Winner!

Build Orders: MMM Bio 

Get SALT Encoding   

  12  0:00  SCV  
  13  0:12  SCV  
  14  0:17  Supply Depot  
  14  0:25  SCV  
  14  0:27  Refinery  
  15  0:39  SCV  
  16  0:44  Barracks  
  16  0:51  SCV  
  17  1:03  SCV  
  18  1:17  SCV  
  19  1:31  Factory  
  19  1:32  Orbital Command  
  20  1:37  Supply Depot  
  19  1:47  Reaper  
  20  1:57  SCV  
  21  2:07  Command Center  
  21  2:10  SCV  
  21  2:20  Reaper  
  21  2:26  Hellion  
  21  2:28  SCV  
  23  2:42  SCV  
  20  2:54  SCV  
  21  2:59  Reaper  
  21  3:00  Hellion  
  24  3:06  SCV  
  24  3:12  Supply Depot  
  25  3:18  SCV  
  26  3:21  Hellion  
  26  3:23  Orbital Command  
  28  3:30  SCV  
  28  3:31  Reaper  
  30  3:42  SCV  
  31  3:52  Hellion, SCV  
  31  3:54  SCV  
  31  3:55  Supply Depot  
  35  4:01  Starport  
  35  4:03  Refinery  
  35  4:04  SCV  
  35  4:07  SCV  
  36  4:16  Marine  
  36  4:17  SCV  
  36  4:19  Factory Tech Lab, SCV  
  37  4:29  SCV  
  37  4:31  SCV  
  39  4:37  Medivac  
  41  4:41  SCV  
  41  4:43  SCV  
  43  4:52  Siege Tank  
  46  4:53  SCV  
  46  4:55  SCV  
  46  4:58  Barracks  
  49  5:00  Barracks Tech Lab, Barracks  
  49  5:05  SCV  
  49  5:07  SCV  
  49  5:12  Refinery  
  49  5:13  Refinery  
  50  5:14  Engineering Bay  
  50  5:17  SCV  
  50  5:19  SCV  
  50  5:21  Supply Depot  
  52  5:23  Marine  
  52  5:24  Siege Tank  
  52  5:28  Stimpack  
  56  5:29  SCV  
  56  5:35  SCV  
  58  5:37  Starport Reactor  
  58  5:40  Marine  
  58  5:42  SCV  
  60  5:43  Barracks  
  60  5:45  Barracks  
  60  5:47  Supply Depot, SCV  
  62  5:53  Barracks Reactor x2  
  62  5:55  SCV  
  62  5:59  Marine  
  61  6:22  Marine  
  56  6:25  Siege Tank  
  56  6:28  Medivac x2  
  56  6:29  SCV  
  56  6:30  SCV  
  56  6:31  Marine x5  
  69  6:39  Marine  
  68  6:40  Marine  
  69  6:49  Marine  
  69  6:50  Marine x2  
  69  6:52  Marine  
  70  7:21  Marine  
  70  7:22  SCV  
  70  7:24  Marine  
  70  7:26  Marine  
  70  7:32  Supply Depot  
  70  7:33  Marine x4, Siege Tank  
  70  7:34  Supply Depot  
  77  7:38  Supply Depot, Medivac  
  77  7:39  Marine  
  77  7:41  Supply Depot  
  77  7:42  Marine  
  77  7:44  Marine  
  81  7:46  Combat Shields  
  81  7:51  Marine x2  
  84  7:53  SCV  
  84  7:54  SCV  
  86  8:05  Marine, SCV  
  86  8:06  Marine, SCV  
  86  8:07  Marine  
  89  8:17  SCV  
  87  8:25  Marine x7  
  87  8:26  Siege Tank  
  85  8:42  Marine  
  85  8:43  Marine  
  85  8:45  Marine x2  
  85  8:46  Marine x2  
  86  8:49  SCV  
  88  9:00  Marine x2  
  93  9:03  Marine  
  96  9:16  Command Center  
Tags
 
Add a new tag
Caveats
  • Supply blocks, unpowered buildings, or Contaminate may cause inaccurate times.
  • Supply counts are checked every 10 seconds.